Map: Bel'Shir Vestige LE (Void)

Players

Android

  • Race: Zerg Zerg
  • League: Grandmaster
  • Spawn Location: 11:00

Maplez - Winner!

  • Race: Protoss Protoss
  • League: Master
  • Spawn Location: 5:00

VOD

Have the link to the VOD?

Description

Time

  • Played on: Feb. 3, 2017, 8:44 p.m.
  • Length: 10:53
Show
View Real Time Build Order
Export as new Build Order

Android Zerg 

Build Orders: Pool First 

Get SALT Encoding   

  12  0:00  Drone  
  13  0:13  Overlord  
  13  0:18  Drone  
  14  0:31  Drone x2  
  14  0:35  Drone  
  17  0:52  Drone  
  18  0:58  Drone  
  19  1:07  Drone  
  19  1:09  Spawning Pool  
  19  1:18  Hatchery  
  19  1:21  Extractor  
  19  1:23  Drone  
  18  1:30  Drone  
  19  1:40  Drone  
  20  1:50  Overlord  
  20  2:02  Hatchery  
  19  2:09  Queen  
  19  2:12  Zergling x2  
  22  2:16  Drone  
  23  2:23  Drone  
  23  2:25  Metabolic Boost  
  24  2:31  Drone  
  24  2:33  Drone  
  27  2:44  Drone x2  
  27  2:48  Queen  
  30  2:56  Drone  
  30  2:57  Drone  
  32  3:03  Zergling x2  
  31  3:08  Zergling x2  
  32  3:18  Zergling x4  
  32  3:19  Zergling x6  
  37  3:22  Drone  
  38  3:27  Drone x2  
  38  3:36  Drone x3  
  40  3:41  Drone  
  41  3:53  Overlord  
  41  3:54  Overlord  
  41  4:02  Drone, Roach Warren  
  41  4:09  Drone  
  42  4:11  Queen, Drone  
  42  4:12  Drone x2  
  42  4:13  Drone x2  
  42  4:14  Drone  
  49  4:19  Spore Crawler  
  49  4:20  Spore Crawler  
  49  4:24  Spore Crawler  
  45  4:27  Zergling x4  
  47  4:32  Lair  
  47  4:37  Zergling x2  
  47  4:38  Zergling x4  
  49  4:47  Drone x2  
  49  4:48  Overlord, Drone x2  
  49  4:49  Overlord  
  53  5:02  Drone x4  
  53  5:06  Drone  
  53  5:07  Drone x6  
  64  5:20  Zergling x2  
  64  5:21  Zergling x8  
  67  5:27  Drone x4  
  71  5:31  Glial Reconstitution  
  71  5:32  Evolution Chamber  
  71  5:33  Extractor  
  71  5:35  Drone x2  
  70  5:36  Drone x2  
  70  5:39  Drone  
  70  5:42  Extractor  
  73  5:43  Overlord  
  73  5:44  Overlord  
  71  5:51  Roach  
  71  5:52  Roach x2  
  71  5:55  Roach x2  
  71  6:04  Hatchery  
  71  6:05  Zergling x14  
  71  6:06  Zergling x4  
  71  6:09  Overseer  
  79  6:13  Queen  
  80  6:18  Zergling x6  
  80  6:19  Zergling x2  
  80  6:28  Zergling x2  
  80  6:29  Zergling x6  
  76  6:34  Roach  
  75  6:42  Zerg Missile Weapons Level 1  
  75  6:43  Drone x2  
  77  6:52  Drone x2  
  77  6:53  Drone  
  80  6:55  Extractor  
  80  6:58  Roach x2  
  81  7:04  Roach  
  79  7:14  Drone x3  
  82  7:18  Overlord x2  
  82  7:19  Overlord x3  
  82  7:20  Queen  
  84  7:25  Spire  
  84  7:27  Extractor  
  82  7:31  Drone  
  82  7:32  Drone x4  
  82  7:33  Drone  
  82  7:34  Drone  
  82  7:36  Extractor  
  87  7:53  Extractor x2  
  87  7:56  Drone  
  87  7:57  Drone x6  
  92  7:59  Zergling x10  
  97  8:10  Zergling x4  
  97  8:11  Zergling x18  
  108  8:15  Baneling Nest  
  108  8:16  Drone  
  108  8:19  Zergling x2  
  110  8:20  Zergling x4  
  111  8:30  Overlord x6  
  109  8:47  Hatchery  
  107  8:49  Mutalisk x4  
  107  8:50  Mutalisk x7  
  121  8:57  Spine Crawler  
  121  8:58  Spine Crawler x2  
  121  8:59  Spine Crawler  
  121  9:00  Mutalisk  
  121  9:01  Mutalisk  
  118  9:06  Mutalisk  
  118  9:08  Zergling x2  
  118  9:09  Zergling x18  
  129  9:14  Mutalisk  
  128  9:22  Mutalisk  
  125  9:29  Mutalisk  
  124  9:35  Zergling x6  
  123  9:42  Drone  
  124  9:48  Mutalisk  
  116  9:57  Mutalisk x2  
  104  10:05  Spawning Pool  
  85  10:08  Mutalisk x2  
  85  10:13  Drone  
  88  10:18  Mutalisk  
  90  10:29  Drone x3  
  90  10:30  Drone x4  
  90  10:33  Drone  
Show
View Real Time Build Order
Export as new Build Order

Maplez Protoss - Winner!

Build Orders: Zealot Archon, Dark Templar Rush 

Get SALT Encoding   

  12  0:01  Probe (Chrono Boost)  
  13  0:11  Probe (Chrono Boost)  
  14  0:20  Pylon  
  14  0:22  Probe (Chrono Boost)  
  15  0:38  Probe (Chrono Boost)  
  15  0:41  Gateway  
  16  0:48  Probe (Chrono Boost)  
  17  0:50  Assimilator  
  17  0:59  Probe (Chrono Boost)  
  17  1:00  Pylon  
  18  1:09  Probe (Chrono Boost)  
  19  1:20  Probe (Chrono Boost)  
  20  1:29  Cybernetics Core  
  20  1:32  Pylon  
  20  1:35  Probe (Chrono Boost)  
  20  1:39  Pylon  
  21  1:42  Assimilator  
  21  1:48  Probe (Chrono Boost)  
  22  2:01  Nexus  
  22  2:03  Adept  
  22  2:05  Probe (Chrono Boost)  
  25  2:13  Warp Gate  
  25  2:18  Probe (Chrono Boost)  
  26  2:25  Twilight Council  
  26  2:29  Probe (Chrono Boost)  
  27  2:40  Probe (Chrono Boost)  
  28  2:49  Robotics Facility  
  28  2:51  Probe (Chrono Boost)  
  29  3:01  Probe (Chrono Boost)  
  30  3:12  Probe (Chrono Boost)  
  31  3:17  Dark Shrine  
  31  3:18  Probe (Chrono Boost)  
  32  3:21  Adept  
  32  3:22  Probe (Chrono Boost)  
  35  3:30  Probe (Chrono Boost)  
  35  3:33  Probe (Chrono Boost)  
  37  3:39  Warp Prism  
  39  3:49  Probe (Chrono Boost)  
  39  3:53  Gateway x2  
  38  3:56  Gateway  
  38  4:02  Mothership Core (Chrono Boost)  
  40  4:05  Pylon  
  40  4:06  Assimilator  
  40  4:07  Assimilator  
  40  4:11  Pylon  
  38  4:18  Probe (Chrono Boost)  
  38  4:20  Cybernetics Core  
  38  4:23  Immortal  
  39  4:29  Probe (Chrono Boost)  
  44  4:33  Probe (Chrono Boost)  
  44  4:35  Adept  
  47  4:41  Probe (Chrono Boost)  
  47  4:43  Probe (Chrono Boost)  
  50  4:53  Probe (Chrono Boost)  
  50  4:54  Probe (Chrono Boost)  
  50  4:55  Dark Templar x2  
  55  5:03  Archon  
  55  5:05  Probe (Chrono Boost)  
  56  5:10  Pylon  
  56  5:12  Pylon  
  56  5:13  Pylon  
  56  5:25  Pylon  
  58  5:28  Probe (Chrono Boost)  
  58  5:30  Probe (Chrono Boost), Dark Templar x2  
  58  5:32  Zealot x2  
  58  5:34  Archon  
  66  5:39  Probe (Chrono Boost)  
  66  5:40  Pylon  
  66  5:42  Probe (Chrono Boost)  
  68  5:49  Probe (Chrono Boost)  
  69  5:54  Probe (Chrono Boost)  
  65  5:57  Dark Templar x2  
  65  6:00  Probe (Chrono Boost)  
  65  6:01  Archon  
  70  6:06  Probe (Chrono Boost)  
  70  6:10  Probe (Chrono Boost)  
  72  6:15  Zealot  
  72  6:16  Zealot  
  72  6:18  Probe (Chrono Boost)  
  77  6:21  Probe (Chrono Boost)  
  78  6:30  Probe (Chrono Boost)  
  78  6:31  Probe (Chrono Boost)  
  72  6:42  Probe x2 (Chrono Boost)  
  74  6:48  Dark Templar x4  
  74  6:52  Probe (Chrono Boost), Archon x2  
  84  6:54  Probe (Chrono Boost)  
  84  7:02  Nexus  
  84  7:03  Probe (Chrono Boost)  
  84  7:06  Immortal  
  84  7:08  Probe (Chrono Boost)  
  82  7:13  Probe (Chrono Boost), Pylon  
  83  7:19  Charge  
  83  7:22  Probe (Chrono Boost)  
  84  7:23  Gateway  
  84  7:24  Gateway  
  84  7:26  Pylon  
  84  7:27  Gateway  
  84  7:37  Dark Templar x3  
  84  7:39  Zealot  
  84  7:40  Probe (Chrono Boost)  
  84  7:41  Archon  
  94  7:51  Probe (Chrono Boost)  
  94  7:53  Probe (Chrono Boost)  
  94  7:55  Pylon  
  95  7:59  Forge x2  
  95  8:00  Dark Templar  
  97  8:08  Probe (Chrono Boost), Archon  
  97  8:10  Zealot  
  97  8:11  Zealot x2  
  104  8:16  Probe (Chrono Boost)  
  105  8:20  Probe (Chrono Boost)  
  105  8:26  Assimilator  
  106  8:28  Assimilator  
  106  8:35  Protoss Ground Armor Level 1, Protoss Ground Weapons Level 1  
  106  8:37  Zealot  
  106  8:38  Zealot  
  106  8:39  Nexus  
  110  8:49  Pylon  
  110  8:52  Pylon  
  110  8:54  Dark Templar x4  
  118  8:58  Zealot, Archon x2  
  118  8:59  Zealot  
  122  9:04  Pylon  
  122  9:07  Pylon  
  120  9:22  Stalker x3  
  125  9:43  Pylon  
  125  9:47  Zealot x6  
  137  9:59  Photon Cannon  
  125  10:00  Photon Cannon  
  125  10:03  Photon Cannon  
  124  10:08  Dark Templar x2  
  124  10:13  Archon  
  128  10:28  Dark Templar  
  126  10:31  Dark Templar, Photon Cannon  
  120  10:51  Pylon  
  118  10:53  Pylon  
Tags
 
Add a new tag
Caveats
  • Supply blocks, unpowered buildings, or Contaminate may cause inaccurate times.
  • Supply counts are checked every 10 seconds.